 Dungeon Crawl Stone Soup version 0.31-a0-1181-g57eb4e83fd (webtiles) character file.

Game seed: 10283561589350578043

200 qw the Shooter (level 5, -1/32 HPs)
             Began as a Gargoyle Hunter on Dec 11, 2023.
             Slain by Blork the orc
             ... wielding a +0 scimitar
              (3 damage)
             ... on level 4 of the Dungeon.
             The game lasted 00:00:50 (2304 turns).

qw the Shooter (Gargoyle Hunter)                    Turns: 2304, Time: 00:00:50

Health: -1/32      AC: 12    Str: 14    XL:     5   Next: 79%
Magic:  5/5        EV: 10    Int: 10    God:
Gold:   53         SH:  0    Dex: 15    Spells: 4/4 levels left

rFire   + . .        a - +1 shortbow
rCold   + . .        (shield currently unavailable)
rNeg    + . .        b - +0 ring mail
rPois   inf          (no helmet)
rElec   +            d - scarf {rC+ rF+}
rCorr   .            e - +2 pair of gloves
SInv    .            (no boots)
Will    .....        h - amulet of the acrobat
Stlth   +            (no ring)
HPRegen 0.25/turn    (no ring)
MPRegen 0.09/turn

%: acrobat
@: no status effects
A: sickness immunity, AC +4, negative energy resistance 1, electricity
resistance, torment resistance 1, petrification resistance
a: no special abilities


You were on level 4 of the Dungeon.
You visited 1 branch of the dungeon, and saw 4 of its levels.

You collected 53 gold pieces.


Innate Abilities, Weirdness & Mutations

You are immune to sickness and miasma.
Your stone body is resilient. (AC +4)
You are immune to poison.
You resist negative energy. (rN+)
You are resistant to electric shocks. (rElec)
You are resistant to unholy torment.
You are immune to petrification.


   Skills:
 + Level 3.0 Fighting
 - Level 6.4 Ranged Weapons
 - Level 1.0 Armour
 - Level 1.5 Dodging
 - Level 1.1 Stealth


You had 4 spell levels left.
You didn't know any spells.
Your spell library was empty.

Inventory:

Hand Weapons
 a - a +1 shortbow (weapon)
Armour
 b - a +0 ring mail (worn)
 d - a scarf of resistance (worn)
 e - a +2 pair of gloves (worn)
 l - a +0 cloak
Jewellery
 h - an amulet of the acrobat (around neck)
 j - a ring of ice

Dungeon Overview and Level Annotations

Branches:
Dungeon (4/15)
 Temple: D:4-7

Altars:
Ashenzari

Annotations:
D:4 Blork the orc


Message History

Blork the orc hits you with a +0 scimitar.
Blork the orc hits you but does no damage.
You shoot an arrow. The arrow barely misses Blork the orc.
Blork the orc points at you and mumbles some strange words.
The puff of flame misses you. Blork the orc barely misses you.
You shoot an arrow. The arrow hits Blork the orc!
Blork the orc is heavily wounded.
Blork the orc hits you with a +0 scimitar.
Blork the orc screams, "I'll cover the dungeon with your blood!"
Blork the orc closely misses you.
You shoot an arrow. The arrow hits Blork the orc.
Blork the orc is severely wounded.
Blork the orc hits you with a +0 scimitar.
You shoot an arrow. The arrow barely misses Blork the orc.
Blork the orc hits you with a +0 scimitar.
Blork the orc screams, "I'll rip your head off!"
Blork the orc closely misses you.
You shoot an arrow. The arrow barely misses Blork the orc.
Blork the orc hits you but does no damage.
Blork the orc barely misses you.
You shoot an arrow.
The arrow hits Blork the orc but does no damage.
Blork the orc is severely wounded.
Blork the orc hits you with a +0 scimitar.
Blork the orc closely misses you.
You shoot an arrow. The arrow hits Blork the orc.
Blork the orc is severely wounded.
Blork the orc looks satisfied for a moment.
Blork the orc barely misses you.
You shoot an arrow. The arrow closely misses Blork the orc.
Blork the orc hits you with a +0 scimitar!
You shoot an arrow.
The arrow hits Blork the orc but does no damage.
Blork the orc is severely wounded.
Blork the orc points at you and mumbles some strange words.
The puff of frost hits you. You resist. Blork the orc barely misses you.
You shoot an arrow. The arrow hits Blork the orc.
Blork the orc is almost dead.
Blork the orc hits you with a +0 scimitar.
You die...

#. .# #. .# #
#.###.##. .......
#....# #....# #...#
##o## #@# #.# #.#
#############.#
#.............#####.
#.###................
#.# #.#############.#
####.###.# .......#.#


You could see Blork the orc (fast).

Vanquished Creatures
  A scorpion (D:4)
  An orc priest (D:3)
  Natasha (D:2)
  2 adders
  A worm (D:3)
  3 dart slugs
  2 orcs (D:3)
  9 endoplasms
  4 giant cockroaches
  6 goblins
  6 hobgoblins
  6 ball pythons
  6 bats
  5 frilled lizards
  4 kobolds (D:1)
  3 rats
60 creatures vanquished.

Notes
Turn   | Place    | Note
-------+----------+-------------------------------------------
     0 | D:1      | qw the Gargoyle Hunter began the quest for the Orb.
     0 | D:1      | Reached XP level 1. HP: 12/12 MP: 1/1
     0 | D:1      | 0 ||| qw: Version: 0.3-a-106-g2cfff9e
     0 | D:1      | 0 ||| qw: Game counter: 2074
     0 | D:1      | 0 ||| qw: Melee chars always use a shield: true
     0 | D:1      | 0 ||| qw: God list: Okawaru
     0 | D:1      | 0 ||| qw: Allow faded altars: false
     0 | D:1      | 0 ||| qw: Do Orc after clearing Dungeon:15 true
     0 | D:1      | 0 ||| qw: Do second Lair branch before Depths: true
     0 | D:1      | 0 ||| qw: Lair rune preference: random
     0 | D:1      | 0 ||| qw: Goals: Normal, Save, Zot:1-4, Win
     0 | D:1      | 0 ||| PLANNING D:1-11
   168 | D:1      | Reached XP level 2. HP: 17/17 MP: 2/2
   457 | D:1      | Reached XP level 3. HP: 21/21 MP: 3/3
   588 | D:1      | Reached skill level 5 in Ranged Weapons
   783 | D:1      | 783 ||| UPGRADING to +0 pair of gloves.
   788 | D:1      | 788 ||| UPGRADING to amulet of the acrobat.
   793 | D:1      | 793 ||| READING scroll labelled UHINOC TOSURO.
   794 | D:1      | 794 ||| READING scroll labelled HUIMIFE CUBE.
   795 | D:1      | 795 ||| READING scroll labelled APRIMU LO WOL.
   796 | D:1      | 796 ||| READING scroll labelled ACOMALICUMN.
   796 | D:1      | 796 ||| ENCHANTING +0 shortbow.
   797 | D:1      | 797 ||| DROPPING scroll of butterflies.
   941 | D:2      | Reached skill level 3 in Fighting
  1022 | D:2      | Found a broken altar of Ashenzari.
  1056 | D:2      | Noticed Natasha
  1062 | D:2      | Killed Natasha
  1063 | D:2      | Reached XP level 4. HP: 25/28 MP: 4/4
  1452 | D:2      | 1452 ||| UPGRADING to +0 ring mail.
  1462 | D:2      | 1462 ||| DROPPING +0 leather armour.
  1463 | D:2      | 1463 ||| UPGRADING to +0 cloak.
  1468 | D:2      | 1468 ||| READING scroll labelled XAFAIKHL NERULI.
  1469 | D:2      | 1469 ||| READING 2 scrolls labelled XISEOS TELIU.
  1469 | D:2      | 1469 ||| ENCHANTING +0 pair of gloves.
  1470 | D:2      | 1470 ||| READING scroll of enchant armour.
  1470 | D:2      | 1470 ||| ENCHANTING +1 pair of gloves.
  1471 | D:2      | 1471 ||| READING scroll labelled FUALAJ ADYMA.
  1476 | D:2      | 1476 ||| READING scroll labelled KAULUTHIHUL.
  1476 | D:2      | 1476 ||| IDENTIFYING viscous brown potion
  1477 | D:2      | 1477 ||| DROPPING potion of attraction.
  1552 | D:3      | Reached skill level 1 in Armour
  1585 | D:3      | Found a faded altar of an unknown god.
  1586 | D:3      | Noticed a great orb of eyes
  1592 | D:3      | Noticed an eye of devastation
  1592 | D:3      | Noticed a great orb of eyes
  1592 | D:3      | Noticed a shining eye
  1727 | D:3      | Reached XP level 5. HP: 28/32 MP: 5/5
  2181 | D:3      | 2181 ||| UPGRADING to scarf of resistance.
  2191 | D:3      | 2191 ||| READING scroll of identify.
  2191 | D:3      | 2191 ||| IDENTIFYING cyan potion
  2192 | D:3      | 2192 ||| DROPPING potion of degeneration.
  2283 | D:4      | Noticed Blork the orc
  2285 | D:4      | 2285 ||| Stepping ~*~*~tactically~*~*~ (retreating).
  2286 | D:4      | 2286 ||| Stepping ~*~*~tactically~*~*~ (retreating).
  2291 | D:4      | Reached skill level 6 in Ranged Weapons
  2302 | D:4      | HP: 8/32 [Blork the orc/+0 scimitar (7)]
  2303 | D:4      | HP: 2/32 [Blork the orc/puff of frost (6)]
  2304 | D:4      | Slain by Blork the orc

Levels and vault maps discovered:
D:1:      dpeg_arrival_orchard, layout_loops_corners, grunt_decor_mini_mirrors
D:2:      layout_loops_ring, basic_altar, uniq_natasha
D:3:      layout_loops_ring, hellmonk_ecumenical_altar_watching_god,
          nicolae_figureground_sparkle
D:4:      kennysheep_kobold_camp, layout_loops_ring, tso_oasis_becter,
          uniq_crazy_yiuf_cottage, uniq_blork_the_orc

Skill      XL: |  1  2  3  4  5 |
---------------+----------------+-----
Ranged Weapons | 5 6 |  6.4
Fighting       | 3 |  3.0
Armour         | 1 |  1.0
Dodging        | |  1.5
Stealth        | |  1.1

Action                     |  1- 3 |  4- 6 || total
---------------------------+-------+-------++-------
   Fire: Shortbow          |    78 |   103 ||   181
    Use: Scroll            |     4 |     6 ||    10
 Armour: Leather armour    |    16 |     2 ||    18
         Ring mail         |       |    31 ||    31
  Dodge: Dodged            |    15 |    25 ||    40

Table legend:
 A = Non-vault XP
 B = Vault XP
 C = Vault XP percentage of total XP
 D = Non-vault monster count
 E = Vault monster count
 F = Vault count percentage of total count
                 A         B        C        D         E       F
            +---------+---------+-------+---------+---------+-------
      Total |     251 |      36 |  12.5 |      59 |       1 |   1.7
            +---------+---------+-------+---------+---------+-------
        D:1 |      42 |       0 |   0.0 |      23 |       0 |   0.0
        D:2 |      40 |      36 |  47.4 |      18 |       1 |   5.3
        D:3 |      87 |       0 |   0.0 |      16 |       0 |   0.0
        D:4 |      82 |       0 |   0.0 |       2 |       0 |   0.0
            +---------+---------+-------+---------+---------+-------
